 Dungeon Crawl Stone Soup version 0.28-a0-941-g140ffa10cf (webtiles) character file.

Game seed: 7937539166676995637

2326 Ijustatesigmund the Charlatan (level 9, -3/68 HPs)
             Began as a Gnoll Artificer on Nov 29, 2021.
             Was a Follower of Cheibriados.
             Slain by a two-headed ogre (10 damage)
             ... on level 7 of the Dungeon.
             The game lasted 00:23:12 (11351 turns).

Ijustatesigmund the Charlatan (Gnoll Artificer)    Turns: 11351, Time: 00:23:12

Health: -3/68      AC: 10    Str: 13    XL:     9   Next: 42%
Magic:  15/15      EV: 14    Int: 17    God:    Cheibriados [*.....]
Gold:   1358       SH:  5    Dex: 20    Spells: 14/16 levels left

rFire   + + .      SeeInvis .   w - +3 battleaxe
rCold   . . .      Faith    .   (shield currently unavailable)
rNeg    . . .      Spirit   .   b - +2 leather armour {rF+}
rPois   .          Reflect  +   v - +1 helmet
rElec   .          Harm     .   r - +0 cloak
rCorr   .          Rampage  .   l - +0 pair of gloves
Will    .....                   (no boots)
Stlth   +++.......              s - amulet of reflection
HPRegen 0.21/turn               g - +6 ring of dexterity
MPRegen 0.14/turn               y - ring of protection from fire

@: invisible, very slow
A: fangs 1, strong nose, distributed training
a: Renounce Religion, Bend Time


You were on level 7 of the Dungeon.
You worshipped Cheibriados.
Cheibriados was aware of your devotion.
You visited 2 branches of the dungeon, and saw 8 of its levels.
You also visited: Sewer.

You collected 1358 gold pieces.

Inventory:

Hand Weapons
 a - a +3 war axe of flaming
 w - a +3 battleaxe (weapon)
Armour
 b - a +2 leather armour of fire resistance (worn)
 l - a +0 pair of gloves (worn)
 r - a +0 cloak (worn)
 v - a +1 helmet (worn)
Jewellery
 g - a +6 ring of dexterity (left hand)
 i - a ring of flight
 s - an amulet of reflection (around neck)
 u - a +6 ring of intelligence
 y - a ring of protection from fire (right hand)
Wands
 d - a wand of charming (5)
 k - a wand of mindburst (4)
 A - a wand of iceblast (13)
 D - a wand of digging (3)
Scrolls
 f - 3 scrolls of fear
 o - 2 scrolls of teleportation
 q - a scroll of amnesia
Potions
 c - a potion of curing
 h - a potion of resistance
 j - 6 potions of brilliance
 n - 2 potions of might
 p - a potion of magic
 t - a potion of haste {unknown}
 x - a potion of cancellation {unknown}
 z - a potion of flight {unknown}
 C - 3 potions of attraction
Miscellaneous
 e - a piece from Xom's chessboard (15/15)


   Skills:
 + Level 5.0 Fighting
 + Level 4.2 Short Blades
 + Level 4.2 Long Blades
 + Level 4.2 Axes
 + Level 4.2 Maces & Flails
 + Level 4.2 Polearms
 + Level 4.2 Staves
 + Level 4.2 Slings
 + Level 4.2 Bows
 + Level 4.2 Crossbows
 + Level 4.2 Throwing
 + Level 6.3 Armour
 + Level 5.0 Dodging
 + Level 4.9 Stealth
 + Level 4.2 Shields
 + Level 4.2 Unarmed Combat
 + Level 4.2 Spellcasting
 + Level 3.4 Conjurations
 + Level 3.4 Hexes
 + Level 3.4 Summonings
 + Level 3.4 Necromancy
 + Level 3.4 Translocations
 + Level 3.4 Transmutations
 + Level 3.4 Fire Magic
 + Level 3.4 Ice Magic
 + Level 3.4 Air Magic
 + Level 3.4 Earth Magic
 + Level 3.4 Poison Magic
 + Level 4.6 Invocations
 + Level 7.9 Evocations


You had 14 spell levels left.
You knew the following spells:

 Your Spells              Type           Power      Damage    Failure   Level
a - Passwall              Tmut/Erth      12%        N/A       7%          2

Your spell library contained the following spells:

 Spells                   Type           Power      Damage    Failure   Level
 Animate Skeleton         Necr           30%        N/A       4%          1
 Pain                     Necr           60%        1d7       4%          1
 Sandblast                Erth           30%        2d9       4%          1
 Ozocubu's Armour         Ice            15%        N/A       14%         3
 Stone Arrow              Conj/Erth      30%        3d8       14%         3
 Vampiric Draining        Necr           15%        2d7       14%         3
 Leda's Liquefaction      Hex/Erth       7%         N/A       41%         4
 Ozocubu's Refrigeration  Ice            7%         4d6       100%        7
 Summon Hydra             Summ           7%         N/A       100%        7
 Dragon's Call            Summ           7%         N/A       100%        9


Dungeon Overview and Level Annotations

Branches:
Dungeon (7/15)             Temple (1/1) D:6           Sewer (visited)

Altars:
Ashenzari
Cheibriados
Dithmenos
Elyvilon
Fedhas
Gozag
Hepliaklqana
Kikubaaqudgha
Makhleb
Nemelex Xobeh
Okawaru
Qazlal
Ru
Sif Muna
Trog
Uskayaw
Wu Jian
Xom
Yredelemnul
Zin
The Shining One

Shops:
D:7 [

Annotations:
D:4 3 runed translucent doors, Gilette's ghost, amateur GnIE


Innate Abilities, Weirdness & Mutations

You have very sharp teeth.
Your uncanny sense of smell can sniff out nearby items.
Your experience applies equally to all skills.


Message History

The two-headed ogre's minds are blasted!!
Aiming: Mindburst
Press: ? - help, Shift-Dir - straight line, f/p - two-headed ogre
Aim: a two-headed ogre, wielding two +0 giant spiked clubs (heavily wounded, chance to affect: 76%)
The two-headed ogre barely resists.
The two-headed ogre hits you with a +0 giant spiked club!
The two-headed ogre closely misses you.
You hit the two-headed ogre.
The two-headed ogre is heavily wounded.
The two-headed ogre misses you.
The two-headed ogre completely misses you.
You completely miss the two-headed ogre.
The two-headed ogre is heavily wounded.
The two-headed ogre barely misses you.
The two-headed ogre hits you with a +0 giant spiked club.
You block the two-headed ogre's attack.
The two-headed ogre completely misses you.
You hit the two-headed ogre.
You bite the two-headed ogre, but do no damage.
The two-headed ogre is heavily wounded.
The two-headed ogre barely misses you. You block the two-headed ogre's attack.
You hit the two-headed ogre.
The two-headed ogre is heavily wounded.
The two-headed ogre hits you with a +0 giant spiked club!
The two-headed ogre misses you.
Aiming: Mindburst
Press: ? - help, Shift-Dir - straight line, f/p - two-headed ogre
Aim: a two-headed ogre, wielding two +0 giant spiked clubs (heavily wounded, chance to affect: 76%)
The two-headed ogre barely resists.
The two-headed ogre hits you with a +0 giant spiked club!!
The two-headed ogre barely misses you.
You fade into invisibility!
Aiming: Mindburst
Press: ? - help, Shift-Dir - straight line, f/p - two-headed ogre
Aim: a two-headed ogre, wielding two +0 giant spiked clubs (heavily wounded, chance to affect: 76%)
The two-headed ogre's minds are blasted!!
The two-headed ogre hits you with a +0 giant spiked club!!
* * * LOW HITPOINT WARNING * * *
The two-headed ogre hits you with a +0 giant spiked club!
You die...

#..# ..... #........#
#..# #######.#........#
##.#.#.... #.#........#
#.#.#.###.#.#........#
##.#/#.#∩#.#.#........#
#..#.#..o#.#.#..#######
#####..#.#####.#Z#..#
.......# ......#O#..#
.....#.#########@#..#
.....#...........#..#
.....#.###########..#
#.####.............##
#.# ##...#.########
#.####...##.#
..#.......#.#
..#.##....#.#
....#####...#


You could see a two-headed ogre and a killer bee zombie.

Vanquished Creatures
  Eustachio (D:5)
  Menkaure (D:7)
  2 water moccasins
  2 ice beasts (D:7)
  A sky beast (D:7)
  3 ogres
  A centaur (D:5)
  3 bullfrogs
  2 water moccasin zombies (D:5)
  5 wights (D:7)
  A hound (D:5)
  A centaur zombie (D:4)
  2 bullfrog zombies
  2 orc priests
  A gnoll shaman (D:7)
  A bullfrog skeleton (D:3)
  Ijyb (D:5)
  A scorpion zombie (D:5)
  4 orc wizards
  2 hound skeletons (D:4)
  5 gnolls
  8 adders
  A shadow imp (D:3)
  A white imp (D:7)
  An ufetubus (D:5)
  A worm (D:2)
  14 orcs
  5 bats
  8 endoplasms
  3 giant cockroaches
  3 goblins (D:1)
  5 hobgoblins
  10 jackals
  4 quokkas
  13 ball pythons
  7 frilled lizards
  13 kobolds
  3 rats
142 creatures vanquished.

Vanquished Creatures (collateral kills)
  A gnoll shaman (D:6)
  A gnoll (D:6)
  3 orcs
5 creatures vanquished.

Vanquished Creatures (others)
  An ice beast (D:6)
  A gnoll (D:5)
  3 fungi (D:4)
  18 plants
23 creatures vanquished.

Grand Total: 170 creatures vanquished

Notes
Turn   | Place    | Note
-------+----------+-------------------------------------------
     0 | D:1      | Ijustatesigmund the Gnoll Artificer began the quest for the
                  | Orb.
     0 | D:1      | Reached XP level 1. HP: 17/17 MP: 1/1
   274 | D:1      | Reached XP level 2. HP: 23/23 MP: 2/2
   277 | D:1      | Got the Almanac of Earthen Creation
  1132 | D:1      | Reached XP level 3. HP: 26/28 MP: 3/3
  1714 | D:2      | Reached skill level 1 in Invocations
  2344 | D:2      | Reached skill level 1 in Short Blades
  2344 | D:2      | Reached skill level 1 in Long Blades
  2344 | D:2      | Reached skill level 1 in Axes
  2344 | D:2      | Reached skill level 1 in Maces & Flails
  2344 | D:2      | Reached skill level 1 in Polearms
  2344 | D:2      | Reached skill level 1 in Staves
  2344 | D:2      | Reached skill level 1 in Slings
  2344 | D:2      | Reached skill level 1 in Bows
  2344 | D:2      | Reached skill level 1 in Crossbows
  2344 | D:2      | Reached skill level 1 in Throwing
  2344 | D:2      | Reached skill level 1 in Shields
  2344 | D:2      | Reached skill level 1 in Unarmed Combat
  2344 | D:2      | Reached skill level 1 in Spellcasting
  2774 | D:3      | Found a glowing drain.
  2793 | Sewer    | Entered a sewer
  3003 | Sewer    | Reached XP level 4. HP: 34/34 MP: 5/5
  3419 | Sewer    | Reached skill level 1 in Conjurations
  3419 | Sewer    | Reached skill level 1 in Hexes
  3419 | Sewer    | Reached skill level 1 in Summonings
  3419 | Sewer    | Reached skill level 1 in Necromancy
  3419 | Sewer    | Reached skill level 1 in Translocations
  3419 | Sewer    | Reached skill level 1 in Transmutations
  3419 | Sewer    | Reached skill level 1 in Fire Magic
  3419 | Sewer    | Reached skill level 1 in Ice Magic
  3419 | Sewer    | Reached skill level 1 in Air Magic
  3419 | Sewer    | Reached skill level 1 in Earth Magic
  3419 | Sewer    | Reached skill level 1 in Poison Magic
  4173 | D:3      | Reached XP level 5. HP: 13/40 MP: 5/7
  4833 | D:3      | You fall into a shaft and drop 3 floors!
  4833 | D:6      | Noticed an ice beast
  4878 | D:5      | Entered Level 5 of the Dungeon
  5014 | D:5      | Noticed Eustachio
  5048 | D:5      | Killed Eustachio
  5049 | D:5      | Reached skill level 5 in Armour
  5049 | D:5      | Reached XP level 6. HP: 9/47 MP: 7/9
  5810 | D:5      | Reached XP level 7. HP: 44/52 MP: 10/10
  5993 | D:5      | Reached skill level 7 in Evocations
  7010 | D:4      | Found a runed translucent gate.
  7037 | D:4      | Found a runed translucent gate.
  7037 | D:4      | Noticed Gilette's ghost (amateur GnIE)
  7038 | D:4      | Found a runed translucent gate.
  8009 | D:5      | Reached XP level 8. HP: 60/60 MP: 12/12
  8309 | D:5      | Noticed Ijyb
  8317 | D:5      | Killed Ijyb
  8425 | D:5      | Identified a scroll of acquirement
  8425 | D:5      | Acquired 949 gold pieces
  9051 | D:6      | Found a staircase to the Ecumenical Temple.
  9280 | D:6      | Found a white marble altar of Elyvilon.
  9564 | D:6      | Learned a level 2 spell: Passwall
  9570 | Temple   | Entered the Ecumenical Temple
  9696 | Temple   | Became a worshipper of Cheibriados the Contemplative
 10183 | D:7      | Noticed a two-headed ogre
 10194 | D:7      | Found Cyla's Armour Shoppe.
 10228 | D:7      | Reached XP level 9. HP: 34/66 MP: 14/14
 10483 | D:7      | Noticed Menkaure
 10489 | D:7      | Killed Menkaure
 10979 | D:7      | Reached * piety under Cheibriados
 11144 | D:7      | Reached skill level 5 in Fighting
 11144 | D:7      | Reached skill level 5 in Dodging
 11351 | D:7      | Slain by a two-headed ogre

Illustrated notes

Levels and vault maps discovered:
D:1:      lightli_arrival_windingriver, layout_basic
D:2:      layout_loops_ring, serial_co_window_serial, co_window_corner_a,
          co_window_corner_a, co_window_paths_a, co_window_corner_a,
          co_window_paths_a, co_window_unsneaky_path_d, co_window_corner_ca,
          co_window_corner_cb, co_window_paths_c, co_window_corner_b,
          co_window_cross_3, co_window_2corner, glass_columns_b
D:3:      layout_basic, cheibrodos_sewer_entry_drain, minmay_diced_spiral
D:4:      layout_basic, gammafunk_ghost_nasty_kobolds
D:5:      layout_layer_cave, kennysheep_minor_cross, uniq_ijyb, uniq_eustachio
D:6:      layout_basic, mainiacjoe_overflow_chevrons,
          minmay_temple_entry_overgrown
D:7:      layout_basic, serial_shops, nicolae_inconvenience_store, uniq_menkaure
Temple:   regret_index_temple_chain_breaker

Skill      XL: |  1  2  3  4  5  6  7  8  9 |
---------------+----------------------------+-----
Invocations    | 1 2 3 4 |  4.6
Short Blades   | 1 2 3 4 |  4.2
Long Blades    | 1 2 3 4 |  4.2
Axes           | 1 2 3 4 |  4.2
Maces & Flails | 1 2 3 4 |  4.2
Polearms       | 1 2 3 4 |  4.2
Staves         | 1 2 3 4 |  4.2
Slings         | 1 2 3 4 |  4.2
Bows           | 1 2 3 4 |  4.2
Crossbows      | 1 2 3 4 |  4.2
Throwing       | 1 2 3 4 |  4.2
Shields        | 1 2 3 4 |  4.2
Unarmed Combat | 1 2 3 4 |  4.2
Spellcasting   | 1 2 3 4 |  4.2
Conjurations   | 1 2 3 |  3.4
Hexes          | 1 2 3 |  3.4
Summonings     | 1 2 3 |  3.4
Necromancy     | 1 2 3 |  3.4
Translocations | 1 2 3 |  3.4
Transmutations | 1 2 3 |  3.4
Fire Magic     | 1 2 3 |  3.4
Ice Magic      | 1 2 3 |  3.4
Air Magic      | 1 2 3 |  3.4
Earth Magic    | 1 2 3 |  3.4
Poison Magic   | 1 2 3 |  3.4
Fighting       | 3 4 5 |  5.0
Dodging        | 3 4 5 |  5.0
Armour         | 5 6 |  6.3
Stealth        | 3 4 |  4.9
Evocations     | 7 |  7.9

Action                   |  1- 3 |  4- 6 |  7- 9 || total
-------------------------+-------+-------+-------++-------
Melee: Club              |    10 |       |       ||    10
       Bite              |     9 |    18 |    18 ||    45
       Whip              |    28 |       |       ||    28
       Dagger            |    87 |   203 |       ||   290
       War axe           |       |    41 |   178 ||   219
       Punch             |       |       |     3 ||     3
       Battleaxe         |       |       |    12 ||    12
Evoke: Wand              |     7 |    16 |     9 ||    32
       Piece from Xom's  |       |     2 |       ||     2
  Use: Scroll            |     5 |       |    10 ||    15
       Potion            |       |       |     4 ||     4
 Stab: Sleeping          |     3 |       |     8 ||    11
       Distracted        |     1 |       |       ||     1
       Petrified         |       |    11 |       ||    11
       Invisible         |       |       |     2 ||     2
Armor: Leather armour    |    26 |    73 |    64 ||   163
Dodge: Dodged            |    80 |   168 |   133 ||   381
Block: Other             |       |     3 |    35 ||    38

Table legend: (Time is in decaauts)
 A = Elapsed time spent in this place.
 B = Non-inter-level travel time spent in this place.
 C = Inter-level travel time spent in this place.
 D = Time resting spent in this place.
 E = Time spent auto-exploring this place.
 F = Levels seen in this place.
 G = Mean time per level.
                   A        B        C        D        E       F      G
               +--------+--------+--------+--------+--------+-----+--------+
         Total |  11830 |  11586 |    244 |   3269 |   6558 |   9 | 1314.4 |
       Dungeon |  10201 |   9970 |    231 |   2720 |   5896 |   7 | 1457.3 |
        Temple |    139 |    126 |     13 |      0 |     95 |   1 |  139.0 |
         Sewer |   1490 |   1490 |      0 |    549 |    567 |   1 | 1490.0 |
               +--------+--------+--------+--------+--------+-----+--------+

Top non-repeatable levels by time:
     D:5: 2241 daAuts
   Sewer: 1490 daAuts
     D:7: 1477 daAuts
     D:4: 1469 daAuts
     D:1: 1439 daAuts
     D:6: 1320 daAuts
     D:2: 1296 daAuts
     D:3: 955 daAuts
  Temple: 139 daAuts
